 Dungeon Crawl Stone Soup version bcrawl-1.41.1 (webtiles) character file.

Game seed: 15698680121065892711

398189 Grimmash the Blocker (level 12, -13/91 HPs)
             Began as a Formicid Archaeologist on Apr 18, 2024.
             Was a High Priest of Cheibriados.
             Mangled by a death yak simulacrum (33 damage)
             ... animated by a necromancer
             ... in a Gauntlet.
             The game lasted 00:22:04 (11354 turns).

Grimmash the Blocker (Formicid Archaeologist)      Turns: 11354, Time: 00:22:04

Health: -13/91     AC: 23    Str: 37    XL:     12   Next: 52%
Magic:  11/16      EV: 15    Int: 30    God:    Cheibriados [*****.]
Gold:   1368       SH: 27    Dex: 20    Spells: 11/11 levels left

rFire    . . .     GDR:     35% a - +3 flail (protect)
rCold    . . .     SeeInvis +   L - +0 large shield
rNeg     . . .     Gourm    .   r - +2 leather armour of Vehumet's Condemnation {Str+6}
rPois    .         Faith    .   (helmet unavailable)
rElec    .         Spirit   .   v - +0 cloak
rCorr    .         Reflect  +   c - +0 pair of gloves (curse)
MR       +....     Clarity  +   d - +1 pair of boots
Stlth    +++.......             J - amulet of Xom's Entertainment {Reflect Int+4 SH+6}
HPRegen  0.25/turn              p - +6 ring of protection
MPRegen  0.15/turn              q - +2 ring of evasion

@: protection aura, very slightly contaminated, studying Invocations, invisible,
very slow
A: permanent stasis, dig shafts and tunnels, four strong arms, antennae 3
a: Dig, Shaft Self, Bend Time, Defer, Temporal Distortion, Step From Time,
Renounce Religion


You were in a Gauntlet.
You worshipped Cheibriados.
Cheibriados was extremely pleased with you.
You were near starving.

You visited 3 branches of the dungeon, and saw 13 of its levels.
You also visited: Gauntlet.

You collected 1368 gold pieces.

Inventory:

Hand Weapons
 a - a +3 flail of protection (weapon)
 b - a +0 hunting sling of flaming
 g - a +0 arbalest of flaming
 m - a +0 blowgun
 B - a +0 morningstar
 V - a +0 flail of holy wrath
Missiles
 h - 2 curare-tipped needles
 k - 593 bolts
 n - 2055 stones
 o - 1417 sling bullets
 w - 259 poisoned needles
 y - 1471 arrows
 D - 296 javelins
 R - 188 poisoned tomahawks (quivered)
Armour
 c - a cursed +0 pair of gloves (worn)
 d - a +1 pair of boots (worn)
 r - the +2 leather armour of Vehumet's Condemnation (worn) {Str+6}
   (You found it on level 5 of the Dungeon)

   It affects your strength (+6).
 v - a +0 cloak (worn)
 L - a +0 large shield (worn)
 W - a +0 plate armour
Jewellery
 p - a +6 ring of protection (left hand)
 q - a +2 ring of evasion (right hand)
 u - an uncursed amulet of rage {unknown}
 E - an uncursed ring of poison resistance
 J - the amulet of Xom's Entertainment (around neck) {Reflect Int+4 SH+6}
   (You found it on level 4 of the Dungeon)

   [amulet of reflection]

   It shields you and reflects attacks.
   It affects your intelligence (+4).
   It affects your SH (+6).
Wands
 C - a wand of disintegration (18)
 F - a wand of clouds (2)
 U - a wand of charming (6)
 X - a wand of scattershot (2)
Scrolls
 j - 3 scrolls of enchant armour
 l - a scroll of summoning {unknown}
 t - 3 scrolls of amnesia
 x - 7 scrolls of remove curse
 I - a scroll of fog
 Q - 3 scrolls of enchant weapon
Potions
 f - a potion of mutation
 s - 2 potions of curing
 z - 3 potions of flight
 A - a potion of magic
 G - a potion of brilliance {unknown}
 H - a potion of haste {unknown}
 K - a potion of berserk rage {unknown}
 M - 2 potions of might
 N - a potion of agility
 Z - a potion of degeneration {unknown}
Miscellaneous
 i - a phial of floods (inert)
 T - a sack of spiders
Comestibles
 e - 10 rations {!d}


   Skills:
 * Level 7.6 Fighting
 * Level 6.4 Maces & Flails
 + Level 8.8 Slings
 * Level 6.2 Crossbows
 * Level 6.2 Armour
 * Level 6.5 Dodging
 + Level 4.9 Stealth
 * Level 9.5 Shields
 * Level 6.1 Invocations
 * Level 4.7 Evocations


You had 11 spell levels left.
You didn't know any spells.
Your spell library contained the following spells:

 Spells                   Type           Power        Failure   Level  Hunger
 Infusion                 Chrm           #.......     83%         1    None
 Sting                    Conj/Pois      #...         83%         1    None
 Flaming Arrows           Chrm/Fire      #.......     92%         2    ####...
 Poisonous Vapours        Pois/Air       #.....       92%         2    ####...
 Swiftness                Chrm/Air       #.......     92%         2    ####...
 Ignite Poison            Fire/Tmut/Pois #.......     99%         3    #####..
 Olgreb's Toxic Radiance  Pois           #........    100%        4    ######.
 Summon Scorpions         Summ/Pois      #.......     100%        4    ######.
 Venom Bolt               Conj/Pois      #.........   100%        5    #######
 Deflect Missiles         Chrm/Air       #.........   100%        6    #######


Dungeon Overview and Level Annotations

Branches:
Dungeon (9/12)             Temple (1/1) D:7            Lair (3/6) D:9
    Orc (0/1) D:9
  Swamp: Lair:2-4    Shoals: Lair:2-4     Snake: Lair:2-4    Spider: Lair:2-4

Altars:
Ashenzari
Cheibriados
Dithmenos
Elyvilon
Fedhas
Gozag
Hepliaklqana
Kikubaaqudgha
Lugonu
Makhleb
Nemelex Xobeh
Okawaru
Qazlal
Ru
Sif Muna
Trog
Uskayaw
Vehumet
Wu Jian
Xom
Yredelemnul
Zin
The Shining One
Jiyva

Shops:
D:6 %

Annotations:
D:4 Dowan, Duvessa
D:9 3 runed translucent doors, Cris's ghost, novice DsFi
Lair:2 3 runed translucent doors, petercordia3's ghost, journeyman TrCK Gauntlet 10 transporters


Innate Abilities, Weirdness & Mutations

You cannot be hasted, slowed, berserked, paralysed or teleported.
You can dig through walls and to a lower floor.
Your four strong arms can wield two-handed weapons with a shield.
You have a pair of large antennae on your head. (SInv)


Message History

No path to travel!
No path to travel!
No path to travel!
The death yak simulacrum blinks!
The death yak blinks!
The death yak simulacrum blinks!
The death yak blinks!
The necromancer blinks!
The death yak blinks!
The death yak is engulfed in freezing vapours.
The death yak is engulfed in noxious fumes.
The death yak appears confused.
No path to travel!
No path to travel!
No path to travel!
The death yak is engulfed in freezing vapours.
The death yak is engulfed in noxious fumes.
The death yak appears confused.
The death yak is engulfed in freezing vapours.
The death yak simulacrum gores you.
* * * LOW HITPOINT WARNING * * *
The death yak simulacrum freezes you!!
You die...

###.#############################
...©...........©#.........#©.....
#####################.###########
........#.#..☼§○§○§.#.#.........#
#.....#.#.#..Y§°☼§§.#.#.##...##.#
.#####..#.#.≈≈≈§§☼§§#.#s#{###
.##.##.z#.#.≈§§○○§§Y#.#..##.##..#
{{.©....#.#..pY©§§°.#.#....©....#
.##.##..#.#....Z@...#.#..##.##..#
.#####..#.#.........#.#.#.###.#.#
#.....#.#.#.....Z...#.#s##...##.#
.[[©$...#.#..$.©=[..#.#...[©)?..#
#########.###########.###########
.................................
....................8⌠8..........
#################################
...©.... ....©.... ....©....


You could see 3 death yaks, a necromancer (invisible), 2 redbacks and 2 death
yak simulacra.

Vanquished Creatures
  A hydra (Lair:1)
  2 death yaks (Gauntlet)
  A fire crab (Gauntlet)
  4 lindwurms (Lair:2)
  An ice statue (Gauntlet)
  A cane toad (Lair:2)
  A rime drake (Lair:2)
  3 komodo dragons (Lair:2)
  A troll (D:9)
  A harpy skeleton (D:8)
  Grinder (D:6)
  2 hippogriffs
  3 wyverns
  5 yaks
  4 fire bats (Gauntlet)
  Edmund (D:4)
  9 crocodiles
  2 water moccasins
  3 porcupines
  3 orc warriors (D:9)
  3 ice beasts
  A black bear (D:8)
  A swamp drake (D:9)
  A necrophage (D:6)
  A hornet zombie (D:8)
  7 ogres
  5 wolves (Lair:1)
  A kobold brigand (D:8)
  5 bullfrogs
  2 centaurs
  2 scorpions
  17 killer bees
  A howler monkey (D:5)
  6 orc priests
  3 crimson imps
  A quasit (D:5)
  A bullfrog zombie (D:9)
  5 hounds
  3 jellies
  6 orc wizards
  An iguana (D:4)
  11 worker ants
  2 hound zombies
  A hound skeleton (D:9)
  A howler monkey zombie (D:9)
  8 adders
  A shadow imp (D:3)
  3 oozes
  2 adder skeletons (D:4)
  4 worms
  A leopard gecko (D:4)
  46 orcs
  A ball python (D:3)
  2 bats (D:1)
  3 giant cockroaches
  4 goblins
  12 hobgoblins
  8 jackals
  12 kobolds
  4 quokkas
  A ball python skeleton (D:4)
  4 frilled lizards
  A quokka skeleton (D:3)
  6 rats
260 creatures vanquished.

Vanquished Creatures (others)
  A rime drake (Gauntlet)
  2 centaurs
  An orc (D:9)
  6 plants (Gauntlet)
10 creatures vanquished.

Grand Total: 270 creatures vanquished

Notes
Turn   | Place    | Note
-------+----------+-------------------------------------------
     0 | D:1      | Grimmash the Formicid Archaeologist began the quest for the
                  | Orb.
     0 | D:1      | Reached XP level 1. HP: 15/15 MP: 1/1
   182 | D:1      | Reached XP level 2. HP: 17/21 MP: 2/2
   924 | D:2      | Reached XP level 3. HP: 27/27 MP: 3/3
  1225 | D:2      | Reached skill level 1 in Slings
  1696 | D:2      | Reached XP level 4. HP: 21/33 MP: 4/4
  1904 | D:3      | Reached skill level 1 in Armour
  1998 | D:3      | Found a shimmering blue altar of Sif Muna.
  1999 | D:3      | Found a glowing silver altar of Zin.
  2001 | D:3      | Found a stormy altar of Qazlal.
  2001 | D:3      | Found a shadowy altar of Dithmenos.
  2003 | D:3      | Found a shattered altar of Ashenzari.
  2003 | D:3      | Found a basalt altar of Yredelemnul.
  2004 | D:3      | Found an ancient bone altar of Kikubaaqudgha.
  2141 | D:3      | Reached skill level 1 in Shields
  2141 | D:3      | Reached XP level 5. HP: 30/38 MP: 5/5
  2141 | D:3      | Identified a scroll of acquirement
  2141 | D:3      | Identified the +0 pair of boots "Inkymym" {rF+ rN+ Dex-4}
                  | (You acquired it on level 3 of the Dungeon)
  2188 | D:3      | Found a faded altar of an unknown god.
  2836 | D:3      | Reached XP level 6. HP: 46/46 MP: 6/6
  3053 | D:4      | Noticed an ogre
  3072 | D:4      | Killed an ogre
  3073 | D:4      | Reached skill level 1 in Crossbows
  3119 | D:4      | Noticed an ogre
  3127 | D:4      | Killed an ogre
  3164 | D:4      | Reached XP level 7. HP: 40/51 MP: 7/7
  3454 | D:4      | Got a flickering sapphire amulet
  3460 | D:4      | Noticed Edmund
  3461 | D:4      | Identified the amulet of Xom's Entertainment {Reflect Int+4
                  | SH+6} (You found it on level 4 of the Dungeon)
  3479 | D:4      | Killed Edmund
  3480 | D:4      | Reached skill level 2 in Shields
  3834 | D:4      | Noticed Dowan
  3836 | D:4      | Noticed Duvessa
  3876 | D:5      | Entered Level 5 of the Dungeon
  3876 | D:5      | Found a shimmering blue altar of Sif Muna.
  3942 | D:5      | Got a shimmering leather armour
  4079 | D:5      | Reached XP level 8. HP: 42/58 MP: 8/8
  4082 | D:5      | Reached skill level 5 in Slings
  4082 | D:5      | Reached skill level 3 in Shields
  4548 | D:5      | Identified the +2 leather armour of Vehumet's Condemnation
                  | {Str+6} (You found it on level 5 of the Dungeon)
  4698 | D:5      | Reached skill level 4 in Shields
  4768 | D:6      | Noticed Grinder
  4788 | D:6      | Killed Grinder
  4825 | D:6      | Reached XP level 9. HP: 53/65 MP: 9/9
  4829 | D:6      | Reached skill level 5 in Shields
  5202 | D:6      | Found Fuysovea's Food Shop.
  5775 | D:7      | Found a staircase to the Ecumenical Temple.
  5825 | Temple   | Entered the Ecumenical Temple
  5898 | Temple   | Became a worshipper of Cheibriados the Contemplative
  6231 | D:7      | Found a white marble altar of Elyvilon.
  6231 | D:7      | Found a glowing golden altar of the Shining One.
  6260 | D:7      | Reached skill level 6 in Shields
  6485 | D:8      | Reached skill level 5 in Fighting
  6492 | D:8      | Reached skill level 1 in Evocations
  6498 | D:8      | Reached * piety under Cheibriados
  6499 | D:8      | Reached skill level 5 in Dodging
  6499 | D:8      | Reached skill level 1 in Invocations
  6499 | D:8      | Reached XP level 10. HP: 62/74 MP: 10/10
  6793 | D:8      | Reached skill level 7 in Shields
  6904 | D:8      | Reached ** piety under Cheibriados
  7818 | D:9      | Reached skill level 5 in Maces & Flails
  7917 | D:9      | Reached *** piety under Cheibriados
  8008 | D:9      | Found a staircase to the Orcish Mines.
  8163 | D:9      | Reached **** piety under Cheibriados
  8276 | D:9      | Reached XP level 11. HP: 81/81 MP: 13/13
  8581 | D:9      | Reached skill level 5 in Armour
  8624 | D:9      | Found a staircase to the Lair.
  8741 | D:9      | Reached skill level 5 in Crossbows
  8741 | D:9      | Reached skill level 8 in Shields
  8804 | D:9      | Found a runed translucent gate.
  8804 | D:9      | Found a runed translucent gate.
  8804 | D:9      | Found a runed translucent gate.
  8804 | D:9      | Noticed Cris's ghost (novice DsFi)
  8912 | Lair:1   | Entered Level 1 of the Lair of Beasts
  9034 | Lair:1   | Noticed a seven-headed hydra
  9046 | Lair:1   | Killed a seven-headed hydra
  9055 | Lair:1   | Got a steaming robe
  9057 | Lair:1   | Identified the cursed +1 robe of Focus {+Blink rElec rF+
                  | Dex-2} (You found it on level 1 of the Lair of Beasts)
 10031 | Lair:2   | Reached ***** piety under Cheibriados
 10110 | Lair:2   | Found a runed translucent gate.
 10111 | Lair:2   | Found a runed translucent gate.
 10111 | Lair:2   | Found a runed translucent gate.
 10113 | Lair:2   | Noticed a death ooze
 10114 | Lair:2   | Noticed petercordia3's ghost (journeyman TrCK)
 10140 | Lair:2   | Noticed a lindwurm
 10140 | Lair:2   | Noticed a lindwurm
 10140 | Lair:2   | Noticed a lindwurm
 10141 | Lair:2   | Noticed a lindwurm
 10162 | Lair:2   | Killed a lindwurm
 10180 | Lair:2   | Killed a lindwurm
 10181 | Lair:2   | Reached skill level 5 in Invocations
 10181 | Lair:2   | Reached XP level 12. HP: 91/91 MP: 15/15
 10814 | Lair:2   | Found a viscous altar of Jiyva.
 10905 | Lair:2   | Got an ebony halberd
 10910 | Lair:2   | Identified the Reference Book on Toxic Good Luck
 10938 | Lair:2   | Identified the +7 halberd "Tikubud" {holy, +Inv rN+} (You
                  | found it on level 2 of the Lair of Beasts)
 10982 | Lair:3   | Found a gate leading to a gauntlet.
 10991 | Gauntlet | Entered a Gauntlet
 10991 | Gauntlet | Found a transporter.
 11001 | Gauntlet | Found a transporter.
 11001 | Gauntlet | Found a transporter.
 11003 | Gauntlet | Found a transporter.
 11019 | Gauntlet | Found a transporter.
 11034 | Gauntlet | Found a transporter.
 11039 | Gauntlet | Found a transporter.
 11052 | Gauntlet | Noticed a death yak
 11054 | Gauntlet | Found a transporter.
 11054 | Gauntlet | Noticed an eight-headed hydra
 11073 | Gauntlet | Found a transporter.
 11085 | Gauntlet | Found a transporter.
 11085 | Gauntlet | Noticed a death yak
 11085 | Gauntlet | Noticed a death yak
 11086 | Gauntlet | Noticed a death yak
 11086 | Gauntlet | Noticed a death yak
 11087 | Gauntlet | Noticed a death yak
 11097 | Gauntlet | Found a transporter.
 11108 | Gauntlet | Noticed a thrashing horror
 11109 | Gauntlet | Found a transporter.
 11118 | Gauntlet | Noticed a wizard
 11118 | Gauntlet | Noticed a wizard
 11121 | Gauntlet | Found a transporter.
 11247 | Gauntlet | Noticed a fire crab
 11252 | Gauntlet | Found a transporter.
 11267 | Gauntlet | Reached skill level 9 in Shields
 11267 | Gauntlet | Killed a fire crab
 11277 | Gauntlet | Found a transporter.
 11308 | Gauntlet | HP: 1/91 [something (21)]
 11348 | Gauntlet | Killed a death yak
 11351 | Gauntlet | Killed a death yak
 11354 | Gauntlet | Mangled by a death yak simulacrum

Skill      XL: |  1  2  3  4  5  6  7  8  9 10 11 12 |
---------------+-------------------------------------+-----
Dodging        | 3 4 5 6 |  6.5
Slings         | 1 2 3 4 5 6 7 8 |  8.8
Fighting       | 2 3 4 5 6 7 |  7.6
Armour         | 1 2 3 4 5 6 |  6.2
Shields        | 1 2 4 6 7 8 9 |  9.5
Crossbows      | 1 2 3 4 5 6 |  6.2
Maces & Flails | 2 4 5 6 |  6.4
Evocations     | 1 2 4 |  4.7
Invocations    | 1 3 5 6 |  6.1
Stealth        | |  4.9

Action                   |  1- 3 |  4- 6 |  7- 9 | 10-12 || total
-------------------------+-------+-------+-------+-------++-------
Melee: Whip              |    28 |    26 |       |       ||    54
       Flail             |       |       |   167 |   197 ||   364
 Fire: Hunting sling     |    98 |   133 |   222 |   414 ||   867
       Blowgun           |       |     2 |     2 |       ||     4
       Arbalest          |       |     1 |     5 |       ||     6
Throw: Tomahawk          |       |       |       |     2 ||     2
Invok: Bend Time         |       |       |       |     1 ||     1
       Defer             |       |       |       |     1 ||     1
Evoke: Wand              |       |       |     4 |     3 ||     7
       Phial of floods   |       |       |       |     1 ||     1
  Use: Scroll            |       |     2 |     4 |    10 ||    16
       Potion            |       |       |       |    13 ||    13
 Stab: Sleeping          |     2 |       |       |     1 ||     3
       Invisible         |       |       |       |     2 ||     2
  Eat: Chunk             |     6 |     7 |    23 |    27 ||    63
       Ration            |       |     1 |       |       ||     1
Armor: Robe              |    20 |    41 |       |       ||    61
       Scale mail        |       |     1 |   116 |       ||   117
       Leather armour    |       |       |    32 |   106 ||   138
Dodge: Dodged            |    18 |    39 |    58 |   135 ||   250
Block: Medium shield     |     6 |    35 |     1 |       ||    42
       Large shield      |       |       |   338 |   530 ||   868
       Reflection        |       |       |     9 |     7 ||    16
